 Dungeon Crawl Stone Soup version 0.26-a0-682-g294304f6e8 (webtiles) character file.

Game seed: 6124433762440424791

5 Decritt the Firebug (level 1, -1/14 HPs)
             Began as a Draconian Fire Elementalist on Oct 21, 2020.
             Slain by a kobold (2 damage)
             ... on level 1 of the Dungeon.
             The game lasted 00:00:56 (88 turns).

Decritt the Firebug (Draconian Fire Elementalist)     Turns: 88, Time: 00:00:56

Health: -1/14      AC:  4    Str: 10    XL:     1   Next: 66%
Magic:  0/3        EV: 12    Int: 15    God:
Gold:   5          SH:  0    Dex: 11    Spells: 3/4 levels left

rFire    . . .     SeeInvis .   a - +0 spear
rCold    . . .     Faith    .   (no shield)
rNeg     . . .     Spirit   .   (armour unavailable)
rPois    .         Reflect  .   (helmet restricted)
rElec    .         Harm     .   (no cloak)
rCorr    .         Rampage  .   (no gloves)
MR       .....                  (no boots)
Stlth    ++........             (no amulet)
HPRegen  0.04/turn              (no ring)
MPRegen  0.08/turn              (no ring)

@: no status effects
A: unfitting armour, cold-blooded, AC +4
a: no special abilities


You were on level 1 of the Dungeon.
You visited 1 branch of the dungeon, and saw 1 of its levels.

You collected 5 gold pieces.

Inventory:

Hand Weapons
 a - a +0 spear (weapon)
Scrolls
 b - a scroll of fog {unknown}


   Skills:
 - Level 1.7 Dodging
 - Level 1.7 Stealth
 + Level 2.1 Spellcasting
 * Level 1.4 Conjurations
 + Level 3.1 Fire Magic


You had 3 spell levels left.
You knew the following spells:

 Your Spells              Type           Power        Failure   Level
a - Foxfire               Conj/Fire      #...         9%          1

Your spell library contained the following spells:

 Spells                   Type           Power        Failure   Level
 Conjure Flame            Conj/Fire      #.......     26%         3
 Inner Flame              Hex/Fire       #.......     34%         3
 Sticky Flame             Conj/Fire      #.......     65%         4
 Fireball                 Conj/Fire      #.........   94%         5


Dungeon Overview and Level Annotations

Branches:
Dungeon (1/15)

Altars:


Innate Abilities, Weirdness & Mutations

Your plain brown scales are hard. (AC +4)
You cannot fit into any form of body armour.
You are cold-blooded and may be slowed by cold attacks.


Message History

You are too injured to fight recklessly!
You are too injured to fight recklessly!
You are too injured to fight recklessly!
You closely miss the kobold.
The kobold is severely wounded.
The kobold hits you but does no damage.
You barely miss the kobold.
The kobold is severely wounded.
The kobold hits you but does no damage.
You closely miss the kobold.
Your tail-slap misses the kobold.
The kobold is severely wounded.
The kobold hits you.
* * * LOW HITPOINT WARNING * * *
You hit the kobold but do no damage.
The kobold is severely wounded.
The kobold closely misses you.
Casting: Foxfire (safe; 9% risk of failure)
Confirm with . or Enter, or press ? or * to list all spells.
You conjure some foxfire!
The kobold hits you.
You die...

#.....# # #.....##.#
#........# ########.....#
## #...(...#...###...
#........)........ #
♣.♣r.○§°........... ##○
..♣♣K♣○§.........>..
#§○♣♣♣♣@♣♣.○.....)......
#§♣§§°§vv.♣♣○...........
#§♣♣⌠§§.⌠♣♣.##..........
♣°§.§8..⌠.♣.#..........
#.♣⌠.○.....⌠.♣#.##..##...
♣.°.8.<.8..♣♣..###.# ...
♣☼⌠.......⌠...# .# ..
#.♣♣§.§8..°♣♣♣.#
#§§♣§...⌠○°♣ #


You could see a kobold and a rat.

Vanquished Creatures
  2 goblins (D:1)
  A kobold (D:1)
  A bat (D:1)
  A rat (D:1)
5 creatures vanquished.

Vanquished Creatures (others)
  2 foxfires (D:1)
2 creatures vanquished.

Grand Total: 7 creatures vanquished

Notes
Turn   | Place    | Note
-------+----------+-------------------------------------------
     0 | D:1      | Decritt the Draconian Fire Elementalist began the quest for
                  | the Orb.
     0 | D:1      | Reached XP level 1. HP: 14/14 MP: 3/3
    88 | D:1      | Slain by a kobold

Illustrated notes

Levels and vault maps discovered:
D:1:      heliophobic_arrival_enchanted_forest, layout_rooms

Action                   || total
-------------------------++-------
Melee: Spear             ||    18
 Cast: Foxfire           ||     2
Armor: Skin              ||     4
Dodge: Dodged            ||     7

Table legend: (Time is in decaauts)
 A = Elapsed time spent in this place.
 B = Non-inter-level travel time spent in this place.
 C = Inter-level travel time spent in this place.
 D = Time resting spent in this place.
 E = Time spent auto-exploring this place.
 F = Levels seen in this place.
 G = Mean time per level.
                   A        B        C        D        E       F      G
               +--------+--------+--------+--------+--------+-----+--------+
         Total |     89 |     89 |      0 |      0 |     44 |   1 |   89.0 |
       Dungeon |     89 |     89 |      0 |      0 |     44 |   1 |   89.0 |
               +--------+--------+--------+--------+--------+-----+--------+

Top non-repeatable levels by time:
     D:1: 89 daAuts
